Workbook

Sheet ℹ️ 
A1: info
C8: Financial Statements | E8: Time Value of Money | G8: Capital & Valuation
C9: Income Statement | E9: Present Value | G9: Cost of Debt
C10: Balance Sheet | E10: Fugure Value | G10: Return on Equity
C11: Cash Flows | E11: Rate of Return | G11: Valuation
C12: Pro Formas | E12: Annuities | G12: Bond Price & Yield

Sheet Financials
A1: info
C2: Financial Statements
C3: A recap, a lay of the land, and an audit
C5: Income Statement: A recap | H5: Balance Sheet: A lay of the land | N5: Cash Flow Statement: An audit
C6: How much did we sell, spend, & earn? | H6: What do we possess and who paid for it? | N6: Is our cash balance correct?
D7: Last year | E7: This year | I7: Last year | J7: This year | O7: This year | P7: Description | S7: Assumptions
C8: Revenue | D8: 4500 | E8: 4635 | H8: Cash | I8: =I27-SUM(I14,I9:I10) -> 3195 | J8: =J27-SUM(J14,J9:J10) -> 3240.6434 | N8: Net Income | O8: =E20 -> 632.64343 | P8: Reported earnings | S8: Short-term rate | T8: 0.047771429
C9: Cost of Sales | D9: 800 | E9: 825 | H9: Accounts Rec | I9: 901 | J9: 955 | N9: Depreciation | O9: =E16 -> 100 | P9: Add non-cash expense | S9: Long-term rate | T9: =Financials!T8+1.5% -> 0.062771429
C10: Gross Margin | D10: =+D8-D9 -> 3700 | E10: =+E8-E9 -> 3810 | H10: Inventory | I10: 800 | J10: 850 | N10: Adjust. to Net Income | S10: Tax rate | T10: 0.4
C11: Salaries | D11: 2200 | E11: 2200 | H11: Current Assets | I11: =SUM(I8:I10) -> 4896 | J11: =SUM(J8:J10) -> 5045.6434 | N11: ∆ Accounts Recv | O11: =I9-J9 -> -54 | P11: Due from customers
C12: Rent | D12: 65 | E12: 65 | H12: Plant & Equip | I12: 1845 | J12: 2100 | N12: ∆ Inventory | O12: =I10-J10 -> -50 | P12: Bought raw materials
C13: R&D | D13: 70 | E13: 72 | H13: Accum Deprec | I13: -161 | J13: =I13-E16 -> -261 | N13: ∆ Accounts Payable | O13: =J17-I17 -> 72 | P13: Owed to suppliers
C14: Marketing | D14: 180 | E14: 165 | H14: Net Fixed Assets | I14: =SUM(I12:I13) -> 1684 | J14: =SUM(J12:J13) -> 1839 | N14: Cash from Operations | O14: =SUM(O8:O13) -> 700.64343
C15: Operating Exp | D15: =SUM(D11:D14) -> 2515 | E15: =SUM(E11:E14) -> 2502 | H15: Total Assets | I15: =I11+I14 -> 6580 | J15: =J11+J14 -> 6884.6434 | N15: ∆ Plant & Equip. | O15: =I12-J12 -> -255 | P15: Asset purchases
C16: Depreciation | D16: 115 | E16: 100 | N16: Cash from Investing | O16: =SUM(O15) -> -255
C17: EBIT | D17: =D10-D15-D16 -> 1070 | E17: =E10-E15-E16 -> 1208 | H17: Accounts Payable | I17: 180 | J17: 252 | N17: S/T Debt | O17: =J18-I18 -> 50 | P17: Owed to S/T lenders
C18: Interest | D18: =Financials!$T$8*I18+$T$9*I20 -> 170.03714 | E18: =Financials!$T$8*J18+$T$9*J20 -> 153.59429 | H18: Short-term debt | I18: 800 | J18: 850 | N18: L/T Debt | O18: =J20-I20 -> -300 | P18: Owed to L/T lenders
C19: Taxes | D19: =0.4*(D17-D18) -> 359.98514 | E19: =0.4*(E17-E18) -> 421.76229 | H19: Current Liabilities | I19: =SUM(I17:I18) -> 980 | J19: =SUM(J17:J18) -> 1102 | N19: Change in Preferred | O19: =J23-I23 -> 0 | P19: Rec'd from investors
C20: Net Income | D20: =D17-D18-D19 -> 539.97771 | E20: =E17-E18-E19 -> 632.64343 | H20: Long-term debt | I20: 2100 | J20: 1800 | N20: Change in Common | O20: =J24-I24 -> 0 | P20: Rec'd from investors
C21: Dividends | D21: 150 | E21: 150 | H21: Total Liabilities | I21: =SUM(I19:I20) -> 3080 | J21: =SUM(J19:J20) -> 2902 | N21: Dividends | O21: =-E21 -> -150 | P21: Paid to shareholders
N22: Cash from Financing | O22: =SUM(O17:O21) -> -400
H23: Preferred Stock | I23: 500 | J23: 500 | N23: Cash In/Out | O23: =SUM(O14,O16,O22) -> 45.643429
H24: Common Stock | I24: 1600 | J24: 1600 | N24: ="∆ Balance: "&TEXT(J8,"0,000")&" - "&TEXT(I8,"0,000") -> ∆ Balance: 3,241 - 3,195 | O24: =J8-I8 -> 45.643429
H25: Retained Earnings | I25: 1400 | J25: =E20-E21+I25 -> 1882.6434
H26: Total Equity | I26: =SUM(I23:I25) -> 3500 | J26: =SUM(J23:J25) -> 3982.6434
H27: Liabilities + Equity | I27: =SUM(I21,I26) -> 6580 | J27: =SUM(J21,J26) -> 6884.6434

Sheet Balance
A1: info
C2: Balance Sheet
C3: A Swiss Army knife of information
C5: An asset is worth what someone will pay. Companies pay by borrowing money and selling shares. Assets = Liabilities + Equity
C7: The Balance Sheet is a map of company resources: | AH7: How Much | AI7: Small turnover | AJ7: Large investment | AK7: Small obligations | AL7: Large obligations | AM7: Largest residual
C8: ● Accounts are sorted into groups - Assets, Liabilities, or Equity - based on how capital is held and deployed
C9: ● Within each group, accounts are listed in a specific order based on a series of shared characteristics
D11: Assets | G11: Liabilities | J11: Equity
C12: Capital flow | D12: User | G12: Supplier | J12: Supplier
D14: Current | E14: Fixed | G14: Current | H14: Long-term | J14: All
C15: Function | D15: Spending | E15: Investment | G15: Credit | H15: Financing | J15: Financing
C16: Example | D16: Inventory | E16: Factory | G16: Visa, LOC | H16: Loan, Bond | J16: Seed, IPO
C18: Value | D18: Lower | E18: Higher | G18: Lower | H18: High | J18: High
C19: Turnover | D19: Short | E19: Long | G19: Short | H19: Long | J19: Indefinite
C21: Liquidity | D21: High | E21: Low
C22: Seniority | G22: High | H22: High | J22: Low

Sheet ProFormas
A1: info
C2: Pro Formas
C3: The financial statements of the future
C5: Depending on the account, companies use four drivers to generate estimates for subsequent periods
C6: ASSUMPTIONS provided by other departments, historical PERCENT of SALES, DERIVED from other accounts, or UNCHANGED
C8: Income Statement | I8: Balance Sheet | O8: Cash Flow Statement
D9: Last | E9: This | F9: Next | J9: Last | K9: This | L9: Next | P9: This | Q9: Next | T9: Assumptions
C10: Revenue | D10: =Financials!D8 -> 4500 | E10: =Financials!E8 -> 4635 | F10: =U10 -> 4774 | G10: Assumption | I10: Cash | J10: =Financials!I8 -> 3195 | K10: =Financials!J8 -> 3240.6434 | L10: =L27-SUM(L16,L11:L12) -> 3708.7284 | M10: Derived | O10: Net Income | P10: =E22 -> 632.64343 | Q10: =F22 -> 721.57389 | R10: Derived | T10: Sales | U10: 4774
C11: COGS | D11: =Financials!D9 -> 800 | E11: =Financials!E9 -> 825 | F11: =SUM(D11:E11)/SUM($D$10:$E$10)*F10 -> 849.23372 | G11: % of sales | I11: Accounts Rec | J11: =Financials!I9 -> 901 | K11: =Financials!J9 -> 955 | L11: =SUM(J11:K11)/SUM($D$10:$E$10)*F10 -> 969.95556 | M11: % of sales | O11: Depreciation | P11: =E18 -> 100 | Q11: =F18 -> 50 | R11: Derived | T11: Depreciation | U11: 50
C12: Gross Margin | D12: =Financials!D10 -> 3700 | E12: =Financials!E10 -> 3810 | F12: =+F10-F11 -> 3924.7663 | I12: Inventory | J12: =Financials!I10 -> 800 | K12: =Financials!J10 -> 850 | L12: =SUM(J12:K12)/SUM($D$10:$E$10)*$F$10 -> 862.29885 | M12: % of sales | O12: Adjust. to Net Income | T12: R&D | U12: 74
C13: Salaries | D13: =Financials!D11 -> 2200 | E13: =Financials!E11 -> 2200 | F13: =E13 -> 2200 | G13: Unchanged | I13: Current Assets | J13: =Financials!I11 -> 4896 | K13: =Financials!J11 -> 5045.6434 | L13: =SUM(L10:L12) -> 5540.9828 | O13: ∆ Accounts Recv | P13: =J11-K11 -> -54 | Q13: =K11-L11 -> -14.955556 | R13: Derived | T13: Plant & Equip | U13: 100
C14: Rent | D14: =Financials!D12 -> 65 | E14: =Financials!E12 -> 65 | F14: =E14 -> 65 | G14: Unchanged | I14: Plant & Equip | J14: =Financials!I12 -> 1845 | K14: =Financials!J12 -> 2100 | L14: =K14+U13 -> 2200 | M14: Assumption | O14: ∆ Inventory | P14: =J12-K12 -> -50 | Q14: =K12-L12 -> -12.298851 | R14: Derived | T14: Borrow S/T | U14: 50
C15: R&D | D15: =Financials!D13 -> 70 | E15: =Financials!E13 -> 72 | F15: =U12 -> 74 | G15: Assumption | I15: Accum Deprec | J15: =Financials!I13 -> -161 | K15: =Financials!J13 -> -261 | L15: =K15-F18 -> -311 | M15: Derived | O15: ∆ Accounts Payable | P15: =K18-J18 -> 72 | Q15: =L18-K18 -> -26.234483 | R15: Derived | T15: (Repay L/T) | U15: -50
C16: Marketing | D16: =Financials!D14 -> 180 | E16: =Financials!E14 -> 165 | F16: =SUM(D16:E16)/SUM($D$10:$E$10)*$F$10 -> 180.29885 | G16: % of sales | I16: Net Fixed Assets | J16: =Financials!I14 -> 1684 | K16: =Financials!J14 -> 1839 | L16: =SUM(L14:L15) -> 1889 | O16: Cash from Operations | P16: =SUM(P10:P15) -> 700.64343 | Q16: =SUM(Q10:Q15) -> 718.085 | T16: Tax rate | U16: =Financials!T10 -> 0.4
C17: Operating Exp | D17: =Financials!D15 -> 2515 | E17: =Financials!E15 -> 2502 | F17: =SUM(F13:F16) -> 2519.2989 | I17: Total Assets | J17: =Financials!I15 -> 6580 | K17: =Financials!J15 -> 6884.6434 | L17: =L13+L16 -> 7429.9828 | O17: ∆ Plant & Equip. | P17: =J14-K14 -> -255 | Q17: =K14-L14 -> -100 | R17: Derived | T17: Short-term rate | U17: =Financials!T8 -> 0.047771429
C18: Depreciation | D18: =Financials!D16 -> 115 | E18: =Financials!E16 -> 100 | F18: =U11 -> 50 | G18: Assumption | I18: Accounts Payable | J18: =Financials!I17 -> 180 | K18: =Financials!J17 -> 252 | L18: =SUM(J18:K18)/SUM($D$10:$E$10)*$F$10 -> 225.76552 | M18: % of sales | O18: Cash from Investing | P18: =SUM(P17) -> -255 | Q18: =SUM(Q17) -> -100 | T18: Long-term rate | U18: =Financials!T9 -> 0.062771429
C19: EBIT | D19: =Financials!D17 -> 1070 | E19: =Financials!E17 -> 1208 | F19: =F12-F17-F18 -> 1355.4674 | I19: Short-term Debt | J19: =Financials!I18 -> 800 | K19: =Financials!J18 -> 850 | L19: =K19+U14 -> 900 | M19: Assumption | O19: S/T Debt | P19: =K19-J19 -> 50 | Q19: =L19-K19 -> 50 | R19: Derived
C20: Interest | D20: =Financials!D18 -> 170.03714 | E20: =Financials!E18 -> 153.59429 | F20: =L19*U17+L21*U18 -> 152.84429 | G20: Derived | I20: Current Liabilities | J20: =Financials!I19 -> 980 | K20: =Financials!J19 -> 1102 | L20: =SUM(L18:L19) -> 1125.7655 | O20: L/T Debt | P20: =K21-J21 -> -300 | Q20: =L21-K21 -> -50 | R20: Derived
C21: Taxes | D21: =Financials!D19 -> 359.98514 | E21: =Financials!E19 -> 421.76229 | F21: =(F19-F20)*U16 -> 481.04926 | G21: Derived | I21: Long-term Debt | J21: =Financials!I20 -> 2100 | K21: =Financials!J20 -> 1800 | L21: =K21+U15 -> 1750 | M21: Assumption | O21: ∆ Change in Preferred | P21: =K23-J23 -> 0 | Q21: =L23-K23 -> 0 | R21: Derived
C22: Net Income | D22: =Financials!D20 -> 539.97771 | E22: =Financials!E20 -> 632.64343 | F22: =F19-F20-F21 -> 721.57389 | I22: Total Liabilities | J22: =Financials!I21 -> 3080 | K22: =Financials!J21 -> 2902 | L22: =SUM(L20:L21) -> 2875.7655 | O22: ∆ Change in Common | P22: =K24-J24 -> 0 | Q22: =L24-K24 -> 0 | R22: Derived
C23: Dividends | D23: =Financials!D21 -> 150 | E23: =Financials!E21 -> 150 | F23: =E23 -> 150 | G23: Assumption | I23: Preferred Stock | J23: =Financials!I23 -> 500 | K23: =Financials!J23 -> 500 | L23: =K23 -> 500 | M23: Unchanged | O23: Dividends | P23: =-E23 -> -150 | Q23: =-F23 -> -150 | R23: Derived
I24: Common Stock | J24: =Financials!I24 -> 1600 | K24: =Financials!J24 -> 1600 | L24: =K24 -> 1600 | M24: Unchanged | O24: Cash from Financing | P24: =SUM(P19:P23) -> -400 | Q24: =SUM(Q19:Q23) -> -150
I25: Retained Earnings | J25: =Financials!I25 -> 1400 | K25: =Financials!J25 -> 1882.6434 | L25: =K25+F22-F23 -> 2454.2173 | M25: Derived | O25: Cash In/Out | P25: =SUM(P16,P18,P24) -> 45.643429 | Q25: =SUM(Q16,Q18,Q24) -> 468.085 | R25: =IF(ABS(Q25-Q26)<0.2,_xlfn.UNICHAR(10004), _xlfn.UNICHAR(10006)) -> ✔
I26: Total Equity | J26: =Financials!I26 -> 3500 | K26: =Financials!J26 -> 3982.6434 | L26: =SUM(L23:L25) -> 4554.2173 | O26: ∆ Balance | P26: =K10-J10 -> 45.643429 | Q26: =L10-K10 -> 468.085 | R26: =IF(ABS(Q25-Q26)<0.2,_xlfn.UNICHAR(10004), _xlfn.UNICHAR(10006)) -> ✔
I27: Liabilities + Equity | J27: =Financials!I27 -> 6580 | K27: =Financials!J27 -> 6884.6434 | L27: =L22+L26 -> 7429.9828

Sheet PV
A1: info
C2: Present Value
C3: Time is money
C5: PV ( ) and NPV ( ) calculate the present value of a series of future cash flows
C7: A stock earns 5.1% | D7: Algebraic formula | G7: ∑ | H7: n | J7: CF y | O7: NPV ( ) function | U7: PV ( ) function
C8: It sells for 1,000 in 4 years | H8: y = 1 | J8: ( 1 + rate ) ^ y | O8: = NPV ( rate, CF1 : CFN ) | U8: = PV ( rate, nper, pmt, fv )
D10: Rate | E10: Yr | G10: CF | J10: Inputs | M10: PV | O10: Rate | P10: Yr | Q10: CF | R10: Inputs | S10: PV | U10: Inputs | V10: PV
C11: Scenario 1 | D11: =WACC!$AA$25 -> 0.050683008 | E11: 0 | F11: ??? | M11: =F15/(1+D$11)^E15 -> 820.56533 | O11: =WACC!$AA$25 -> 0.050683008 | P11: 0 | Q11: ??? | R11: ="NPV ("&TEXT(O11,"0.0%")&", "&TEXT(Q12,"0")&":"&TEXT(Q15,"0")&")" -> NPV (5.1%, 0:1000) | S11: =NPV(O11,Q12:Q15) -> 820.56533 | U11: ="PV ("&TEXT(O11,"0.0%")&", "&TEXT(P15,"0")&", "&TEXT(Q12,0)&", "&TEXT(Q15,"0")&") * -1" -> PV (5.1%, 4, 0, 1000) * -1 | V11: =-PV(O11,P15,Q12,Q15) -> 820.56533
C12: What is today's price? | E12: 1 | F12: 0 | P12: 1 | Q12: 0
E13: 2 | F13: 0 | P13: 2 | Q13: 0
E14: 3 | F14: 0 | P14: 3 | Q14: 0
E15: 4 | F15: 1000 | J15: =TEXT(F15,"0")&"/"&TEXT(1+$D$11,"0.000")&" ^ "&TEXT(E15,0) -> 1000/1.051 ^ 4 | M15: =F15/(1+D$11)^E15 -> 820.56533 | P15: 4 | Q15: 1000
C16: Scenario 2 | D16: =WACC!$AA$25 -> 0.050683008 | E16: 0 | F16: ??? | M16: =SUM(M17:M20) -> 997.58193 | O16: =WACC!$AA$25 -> 0.050683008 | P16: 0 | Q16: ??? | R16: ="NPV ("&TEXT(O16,"0.0%")&", "&TEXT(Q17,"0")&":"&TEXT(Q20,"0")&")" -> NPV (5.1%, 50:1050) | S16: =NPV(O16,Q17:Q20) -> 997.58193 | U16: ="PV ("&TEXT(O16,"0.0%")&", "&TEXT(P20,"0")&", "&TEXT(Q17,0)&", "&TEXT(Q20,"0")&") * -1" -> PV (5.1%, 4, 50, 1050) * -1 | V16: =-PV(O16,P20,Q17,Q20-Q17) -> 997.58193
C17: 50/yr dividend | E17: 1 | F17: 50 | J17: =TEXT(F17,"0")&"/"&TEXT(1+$D$16,"0.000")&" ^ "&TEXT(E17,0) -> 50/1.051 ^ 1 | M17: =F17/(1+D$16)^E17 -> 47.588092 | P17: 1 | Q17: 50
E18: 2 | F18: 50 | J18: =TEXT(F18,"0")&"/"&TEXT(1+$D$16,"0.000")&" ^ "&TEXT(E18,0) -> 50/1.051 ^ 2 | M18: =F18/(1+D$16)^E18 -> 45.292531 | P18: 2 | Q18: 50
E19: 3 | F19: 50 | J19: =TEXT(F19,"0")&"/"&TEXT(1+$D$16,"0.000")&" ^ "&TEXT(E19,0) -> 50/1.051 ^ 3 | M19: =F19/(1+D$16)^E19 -> 43.107703 | P19: 3 | Q19: 50
E20: 4 | F20: 1050 | J20: =TEXT(F20,"0")&"/"&TEXT(1+$D$16,"0.000")&" ^ "&TEXT(E20,0) -> 1050/1.051 ^ 4 | M20: =F20/(1+$D$16)^E20 -> 861.5936 | P20: 4 | Q20: 1050
C21: Scenario 3 | D21: =WACC!$AA$25 -> 0.050683008 | E21: 0 | F21: ??? | M21: =SUM(M22:M25) -> 732.05704 | O21: =WACC!$AA$25 -> 0.050683008 | P21: 0 | Q21: ??? | R21: ="NPV ("&TEXT(O21,"0.0%")&", "&TEXT(Q22,"0")&":"&TEXT(Q25,"0")&")" -> NPV (5.1%, -25:975) | S21: =NPV(O21,Q22:Q25) -> 732.05704 | U21: ="PV ("&TEXT(O21,"0.0%")&", "&TEXT(P25,"0")&", "&TEXT(Q22,0)&", "&TEXT(Q25,"0")&") * -1" -> PV (5.1%, 4, -25, 975) * -1 | V21: =-PV(O21,P25,Q22,Q25-Q22) -> 732.05704
C22: Sell 25/yr | E22: 1 | F22: -25 | J22: =TEXT(F22,"0")&"/"&TEXT(1+$D$21,"0.000")&" ^ "&TEXT(E22,0) -> -25/1.051 ^ 1 | M22: =F22/(1+D$21)^E22 -> -23.794046 | P22: 1 | Q22: -25
E23: 2 | F23: -25 | J23: =TEXT(F23,"0")&"/"&TEXT(1+$D$21,"0.000")&" ^ "&TEXT(E23,0) -> -25/1.051 ^ 2 | M23: =F23/(1+D$21)^E23 -> -22.646265 | P23: 2 | Q23: -25
E24: 3 | F24: -25 | J24: =TEXT(F24,"0")&"/"&TEXT(1+$D$21,"0.000")&" ^ "&TEXT(E24,0) -> -25/1.051 ^ 3 | M24: =F24/(1+D$21)^E24 -> -21.553851 | P24: 3 | Q24: -25
E25: 4 | F25: 975 | J25: =TEXT(F25,"0")&"/"&TEXT(1+$D$21,"0.000")&" ^ "&TEXT(E25,0) -> 975/1.051 ^ 4 | M25: =F25/(1+D$21)^E25 -> 800.0512 | P25: 4 | Q25: 975

Sheet FV
A1: info
C2: Future Value
C3: Money is time
C5: FV ( ) calculates the future value of a series of future cash flows
C7: A stock sells for 1,000 | D7: Algebraic formula | G7: ∑ | H7: n | J7: CF y | O7: FV ( ) function
C8: It earns a 5.1% return rate | H8: y = 1 | J8: ( 1 + rate ) ^ y | O8: = FV ( rate, nper, pmt, pv )
D10: Rate | E10: Yr | G10: CF | J10: Inputs | M10: FV | O10: Inputs | Q10: FV
C11: Scenario 1 | D11: =WACC!$AA$25 -> 0.050683008 | E11: 0 | F11: -1000 | J11: =TEXT(-F11,"0")&" * "&TEXT(1+$D$11,"0.000")&" ^ "&TEXT(E15,0) -> 1000 * 1.051 ^ 4 | O11: ="FV ("&TEXT(D11,"0.0%")&", "&TEXT(E15,"0")&", "&TEXT(F12,0)&", "&TEXT(F11,"0")&")" -> FV (5.1%, 4, 0, -1000) | Q11: =FV(D11,E15,F12,F11) -> 1218.672
C12: What is the price in 4 years? | E12: 1 | F12: 0
E13: 2 | F13: 0
E14: 3 | F14: 0
E15: 4 | F15: ??? | M15: =-F11*(1+D$11)^E15 -> 1218.672
C16: Scenario 2 | D16: =WACC!$AA$25 -> 0.050683008 | E16: 0 | F16: -1000 | J16: =TEXT(-F16,"0")&" * "&TEXT(1+$D$16,"0.000")&" ^ "&TEXT(E20,0) -> 1000 * 1.051 ^ 4 | M16: =-F16*(1+D$16)^E20 -> 1218.672 | O16: ="FV ("&TEXT(D16,"0.0%")&", "&TEXT(E20,"0")&", "&TEXT(F17,0)&", "&TEXT(F16,"0")&")" -> FV (5.1%, 4, 50, -1000) | Q16: =FV(D16,E20,-F17,F16) -> 1434.3972
C17: 50/yr dividend reinvested | E17: 1 | F17: 50 | J17: =TEXT(-F17,"0")&" * "&TEXT(1+$D$16,"0.000")&" ^ "&TEXT(E19,0) -> -50 * 1.051 ^ 3 | M17: =F17*(1+D$16)^E19 -> 57.994276
E18: 2 | F18: 50 | J18: =TEXT(-F18,"0")&" * "&TEXT(1+$D$16,"0.000")&" ^ "&TEXT(E18,0) -> -50 * 1.051 ^ 2 | M18: =F18*(1+D$16)^E18 -> 55.196739
E19: 3 | F19: 50 | J19: =TEXT(-F17,"0")&" * "&TEXT(1+$D$16,"0.000")&" ^ "&TEXT(E17,0) -> -50 * 1.051 ^ 1 | M19: =F19*(1+D$16)^E17 -> 52.53415
E20: 4 | F20: 50 | J20: =TEXT(-F20,"0")&" * "&TEXT(1+$D$16,"0.000")&" ^ "&TEXT(E16,0) -> -50 * 1.051 ^ 0 | M20: =F20*(1+D$16)^E16 -> 50
F21: ??? | M21: =SUM(M16:M20) -> 1434.3972
C22: Scenario 3 | D22: =WACC!$AA$25 -> 0.050683008 | E22: 0 | F22: -1000 | J22: =TEXT(-F22,"0")&" * "&TEXT(1+$D$22,"0.000")&" ^ "&TEXT(E26,0) -> 1000 * 1.051 ^ 4 | M22: =-F22*(1+D$22)^E26 -> 1218.672 | O22: ="FV ("&TEXT(D22,"0.0%")&", "&TEXT(E26,"0")&", "&TEXT(F23,0)&", "&TEXT(F22,"0")&")" -> FV (5.1%, 4, -25, -1000) | Q22: =FV(D22,E26,-F23,F22) -> 1110.8094
C23: Sell 25/yr | E23: 1 | F23: -25 | J23: =TEXT(F23,"0")&" * "&TEXT(1+$D$22,"0.000")&" ^ "&TEXT(E25,0) -> -25 * 1.051 ^ 3 | M23: =F23*(1+$D$22)^E25 -> -28.997138 | T23: -
E24: 2 | F24: -25 | J24: =TEXT(F24,"0")&" * "&TEXT(1+$D$22,"0.000")&" ^ "&TEXT(E24,0) -> -25 * 1.051 ^ 2 | M24: =F24*(1+$D$22)^E24 -> -27.59837
E25: 3 | F25: -25 | J25: =TEXT(F25,"0")&" * "&TEXT(1+$D$22,"0.000")&" ^ "&TEXT(E23,0) -> -25 * 1.051 ^ 1 | M25: =F25*(1+$D$22)^E23 -> -26.267075
E26: 4 | F26: -25 | J26: =TEXT(F26,"0")&" * "&TEXT(1+$D$22,"0.000")&" ^ "&TEXT(E22,0) -> -25 * 1.051 ^ 0 | M26: =F26*(1+$D$22)^E22 -> -25
F27: ??? | M27: =SUM(M22:M26) -> 1110.8094

Sheet IRR
A1: info
C2: Internal Rate of Return
C3: Return is money over time
C5: IRR ( ) calculates the return rate of an initial investment and a series of future cash flows
C7: A stock costs 750 | D7: IRR ( ) function
C8: It sells for 1,000 in 4 years | D8: = IRR ( −CF0 : CFN ) | J8: Check
D10: Rate | E10: Yr | F10: CF | G10: Inputs | H10: IRR | J10: Rate | K10: Yr | L10: CF | M10: NPV
C11: Scenario 1 | D11: ??? | E11: 0 | F11: -750 | G11: ="IRR ("&TEXT(F11,"#,###")&":"&TEXT(F15,"#,###")&")" -> IRR (-750:1,000) | H11: =IRR(F11:F15) -> 0.074569932 | J11: =H11 -> 0.074569932 | K11: =E11 -> 0 | L11: =F11 -> -750 | M11: =SUM(M12:M15) -> 750
C12: What is the Return Rate? | E12: 1 | F12: 0 | K12: =E12 -> 1 | L12: =F12 -> 0 | M12: =L12/(1+$J$11)^E12 -> 0
E13: 2 | F13: 0 | K13: =E13 -> 2 | L13: =F13 -> 0 | M13: =L13/(1+$J$11)^E13 -> 0
E14: 3 | F14: 0 | K14: =E14 -> 3 | L14: =F14 -> 0 | M14: =L14/(1+$J$11)^E14 -> 0
E15: 4 | F15: 1000 | K15: =E15 -> 4 | L15: =F15 -> 1000 | M15: =L15/(1+$J$11)^E15 -> 750
C16: Scenario 2 | D16: ??? | E16: 0 | F16: =F11 -> -750 | G16: ="IRR ("&TEXT(F16,"#,###")&":"&TEXT(F20,"#,###")&")" -> IRR (-750:1,050) | H16: =IRR(F16:F20) -> 0.134907 | J16: =H16 -> 0.134907 | K16: =E16 -> 0 | L16: =F16 -> -750 | M16: =SUM(M17:M20) -> 750
C17: 50/yr dividend, reinvested | E17: 1 | F17: 50 | K17: =E17 -> 1 | L17: =F17 -> 50 | M17: =L17/(1+$J$16)^E17 -> 44.056473
E18: 2 | F18: 50 | K18: =E18 -> 2 | L18: =F18 -> 50 | M18: =L18/(1+$J$16)^E18 -> 38.819457
E19: 3 | F19: 50 | K19: =E19 -> 3 | L19: =F19 -> 50 | M19: =L19/(1+$J$16)^E19 -> 34.204968
E20: 4 | F20: 1050 | K20: =E20 -> 4 | L20: =F20 -> 1050 | M20: =L20/(1+$J$16)^E20 -> 632.9191
C21: Scenario 3 | D21: ??? | E21: 0 | F21: =F16 -> -750 | G21: ="IRR ("&TEXT(F21,"#,###")&":"&TEXT(F25,"#,###")&")" -> IRR (-750:975) | H21: =IRR(F21:F25) -> 0.044624737 | J21: =H21 -> 0.044624737 | K21: =E21 -> 0 | L21: =F21 -> -750 | M21: =SUM(M22:M25) -> 750
C22: Sell 25/yr | E22: 1 | F22: -25 | K22: =E22 -> 1 | L22: =F22 -> -25 | M22: =L22/(1+$J$21)^E22 -> -23.932039
E23: 2 | F23: -25 | K23: =E23 -> 2 | L23: =F23 -> -25 | M23: =L23/(1+$J$21)^E23 -> -22.9097
E24: 3 | F24: -25 | K24: =E24 -> 3 | L24: =F24 -> -25 | M24: =L24/(1+$J$21)^E24 -> -21.931033
E25: 4 | F25: 975 | K25: =E25 -> 4 | L25: =F25 -> 975 | M25: =L25/(1+$J$21)^E25 -> 818.77277

Sheet Annuities
A1: info
C2: Annuities: 401k math
C3: Not such a bargain
C5: A 401 k is a glorified savings account. It doesn't lower your taxes - it defers them
E7: Scenario 1 - Hold to maturity | J7: Scenario 2 - Hold to maturity | O7: Scenario 3 - Liquidate early
E8: Initial deposiit | G8: 1000 | J8: Initial deposiit | L8: 1000 | O8: Initial deposiit | Q8: 1000
E9: Contributions | G9: 0 | J9: Contributions | L9: 25 | O9: Contributions | Q9: 0
C11: Year | E11: CF | F11: Start | G11: Earn | H11: Balance | J11: CF | K11: Start | L11: Earn | M11: Balance | O11: CF | P11: Start | Q11: Earn | R11: Balance | T11: Assumptions | W11: Common misconceptions
C12: 0 | E12: =-G$8 -> -1000 | H12: =G$8 -> 1000 | J12: =-L$8 -> -1000 | M12: =L$8 -> 1000 | O12: =-Q$8 -> -1000 | Q12: 0 | R12: =Q$8 -> 1000 | T12: Return rate | U12: =WACC!AA25 -> 0.050683008 | W12: "I'm taxed on the amount I contribute"
C13: 1 | E13: =-G$9 -> 0 | F13: =H12 -> 1000 | G13: =H12*$U$12 -> 50.683008 | H13: =SUM(F13:G13)+G$9 -> 1050.683 | J13: =-L$9 -> -25 | K13: =M12 -> 1000 | L13: =(K13+$L$9)*$U$12 -> 51.950083 | M13: =SUM(K13:L13)+L$9 -> 1076.9501 | O13: =-Q$9 -> 0 | P13: =R12 -> 1000 | Q13: =R12*$U$12 -> 50.683008 | R13: =SUM(P13:Q13)+Q$9 -> 1050.683 | T13: Tax rate | U13: 0.2 | W13: You're taxed on your withdrawals - years later, when your tax base has grown
C14: 2 | E14: =-G$9 -> 0 | F14: =H13 -> 1050.683 | G14: =H13*$U$12 -> 53.251775 | H14: =SUM(F14:G14)+G$9 -> 1103.9348 | J14: =-L$9 -> -25 | K14: =M13 -> 1076.9501 | L14: =(K14+$L$9)*$U$12 -> 55.850144 | M14: =SUM(K14:L14)+L$9 -> 1157.8002 | O14: =-Q$9 -> 0 | P14: =R13 -> 1050.683 | Q14: =R13*$U$12 -> 53.251775 | R14: =SUM(P14:Q14)+Q$9 -> 1103.9348 | T14: Penalty rate | U14: 0.1
C15: 3 | E15: =-G$9 -> 0 | F15: =H14 -> 1103.9348 | G15: =H14*$U$12 -> 55.950735 | H15: =SUM(F15:G15)+G$9 -> 1159.8855 | J15: =-L$9 -> -25 | K15: =M14 -> 1157.8002 | L15: =(K15+$L$9)*$U$12 -> 59.947873 | M15: =SUM(K15:L15)+L$9 -> 1242.7481 | O15: =-Q$9 -> 0 | P15: =R14 -> 1103.9348 | Q15: =R14*$U$12 -> 55.950735 | R15: =SUM(P15:Q15)+Q$9 -> 1159.8855 | W15: "I need a 401k because it forces me to save"
C16: 4 | E16: =-G$9 -> 0 | F16: =H15 -> 1159.8855 | G16: =H15*$U$12 -> 58.786486 | H16: =SUM(F16:G16)+G$9 -> 1218.672 | J16: =-L$9 -> -25 | K16: =M15 -> 1242.7481 | L16: =(K16+$L$9)*$U$12 -> 64.253286 | M16: =SUM(K16:L16)+L$9 -> 1332.0014 | O16: =-Q$9 -> 0 | P16: =R15 -> 1159.8855 | Q16: =R15*$U$12 -> 58.786486 | R16: =SUM(P16:Q16)+Q$9 -> 1218.672 | W16: Buy a long-term CD instead. You'll earn a fixed rate and the penalty's cheaper
C17: 5 | E17: =-G$9 -> 0 | F17: =H16 -> 1218.672 | G17: =H16*$U$12 -> 61.765962 | H17: =SUM(F17:G17)+G$9 -> 1280.438 | J17: =-L$9 -> -25 | K17: =M16 -> 1332.0014 | L17: =(K17+$L$9)*$U$12 -> 68.776911 | M17: =SUM(K17:L17)+L$9 -> 1425.7783 | O17: =R$20-Q$9 -> 896.30658 | P17: =R16 -> 1218.672 | Q17: =R16*$U$12 -> 61.765962 | R17: =SUM(P17:Q17)+Q$9 -> 1280.438
C18: 6 | E18: =-G$9 -> 0 | F18: =H17 -> 1280.438 | G18: =H17*$U$12 -> 64.896447 | H18: =SUM(F18:G18)+G$9 -> 1345.3344 | J18: =-L$9 -> -25 | K18: =M17 -> 1425.7783 | L18: =(K18+$L$9)*$U$12 -> 73.529807 | M18: =SUM(K18:L18)+L$9 -> 1524.3081 | P18: Penalty: | R18: =-$U$14*R17 -> -128.0438 | W18: "I won't liquidate until I'm 59.5 years old"
C19: 7 | E19: =-G$9 -> 0 | F19: =H18 -> 1345.3344 | G19: =H18*$U$12 -> 68.185594 | H19: =SUM(F19:G19)+G$9 -> 1413.52 | J19: =-L$9 -> -25 | K19: =M18 -> 1524.3081 | L19: =(K19+$L$9)*$U$12 -> 78.523594 | M19: =SUM(K19:L19)+L$9 -> 1627.8317 | P19: Tax: | R19: =-$U$13*R17 -> -256.08759 | W19: 40% of participants dip in early. If you're desperate for cash, you will too
C20: 8 | E20: =H$22 -> 1188.1292 | F20: =H19 -> 1413.52 | G20: =H19*$U$12 -> 71.641445 | H20: =SUM(F20:G20) -> 1485.1615 | J20: =M$22 -> 1368.2681 | K20: =M19 -> 1627.8317 | L20: =K20*$U$12 -> 82.503406 | M20: =SUM(K20:L20) -> 1710.3351 | P20: Out: | R20: =SUM(R17:R19) -> 896.30658
G21: Tax: | H21: =-$U$13*H20 -> -297.03229 | L21: Tax: | M21: =-$U$13*M20 -> -342.06702 | W21: "Income tax rates will fall by the time I retire"
G22: Out: | H22: =SUM(H20:H21) -> 1188.1292 | L22: Out: | M22: =SUM(M20:M21) -> 1368.2681 | W22: So we're making bets now? Vegas has better odds, plus you get free drinks
C24: PV a | E24: ="= "&TEXT(H22,"#,###")&" / (1 + "&TEXT($U12,"0.0%")&") ^ "&TEXT(C20,"#,###") -> = 1,188 / (1 + 5.1%) ^ 8 | H24: =H22/(1+$U$12)^C20 -> 800 | J24: ="= "&TEXT(M22,"#,###")&" / (1 + "&TEXT($U12,"0.0%")&") ^ "&TEXT(C20,"#,###") -> = 1,368 / (1 + 5.1%) ^ 8 | M24: =M22/(1+$U$12)^C20 -> 921.29248 | O24: ="= "&TEXT(R20,"#,###")&" / (1 + "&TEXT($U12,"0.0%")&") ^ "&TEXT(C17,"#,###") -> = 896 / (1 + 5.1%) ^ 5 | R24: =R20/(1+$U$12)^C17 -> 700
W25: "My employer matches my contributions. That's like free money"
C26: PV b | E26: ="= −PV("&TEXT($U$12,"0.0%")&", "&TEXT(C20,0)&", "&TEXT(G9,0)&", "&TEXT(H22,"####")&")" -> = −PV(5.1%, 8, 0, 1188) | H26: =-PV($U$12,C20,0,H22) -> 800 | J26: ="= −PV("&TEXT($U$12,"0.0%")&", "&TEXT(C20,0)&", "&TEXT(L9,0)&", "&TEXT(M22,"####")&")" -> = −PV(5.1%, 8, 25, 1368) | M26: =-PV($U$12,C20,0,M22) -> 921.29248 | O26: ="= −PV("&TEXT($U$12,"0.0%")&", "&TEXT(C17,0)&", "&TEXT(Q9,0)&", "&TEXT(R20,"####")&")" -> = −PV(5.1%, 5, 0, 896) | R26: =-PV($U$12,C17,0,R20) -> 700
W27: Ok this is true... for the matched amount. Deposit that, and not a penny more
C28: PV in | E28: ="= NPV( "&TEXT($U$12,"0.0%")&", "&TEXT(E13,"0")&":"&TEXT(E19,0)&") −"&TEXT(-E12,"#,###") -> = NPV( 5.1%, 0:0) −1,000 | H28: =NPV($U$12,E13:E19)+E12 -> -1000 | J28: ="= NPV( "&TEXT($U$12,"0.0%")&", "&TEXT(J13,"0")&":"&TEXT(J19,0)&") -"&TEXT(-J12,"#,###") -> = NPV( 5.1%, -25:-25) -1,000 | M28: =NPV($U$12,J13:J19)+J12 -> -1144.3019 | O28: ="= NPV( "&TEXT($U$12,"0.0%")&", "&TEXT(O13,"0")&":"&TEXT(O17,0)&") −"&TEXT(-O12,"#,###") -> = NPV( 5.1%, 0:896) −1,000 | R28: =NPV($U$12,O13:O17)+O12 -> -300
C29: NPV | H29: =SUM(H26:H28) -> -200 | M29: =SUM(M26:M28) -> -223.00946 | R29: =SUM(R26:R28) -> 400
C30: IRR | E30: ="= IRR (−"&TEXT(E$12,"0;0")&":"&TEXT(E20,"0;-0")&")" -> = IRR (−1000:1188) | H30: =IRR(E12:E20) -> 0.021781316 | J30: ="= IRR (−"&TEXT(J$12,"0;0")&":"&TEXT(J20,"0;-0")&")" -> = IRR (−1000:1368) | M30: =IRR(J12:J20) -> 0.020705496 | O30: ="= IRR (−"&TEXT(O$12,"0;0")&":"&TEXT(O17,"0;-0")&")" -> = IRR (−1000:896) | R30: =IRR(O12:O17) -> -0.021656607
C31: RoE | H31: =$U$12 -> 0.050683008 | M31: =$U$12 -> 0.050683008 | R31: =$U$12 -> 0.050683008
C32: Net bp | H32: =(H30-H31)*100 -> -2.8901692 | M32: =(M30-M31)*100 -> -2.9977512 | R32: =(R30-R31)*100 -> -7.2339614

Sheet WACC
A1: info
C2: Weighted Average Cost of Capital
C3: Money costs money
C5: WACC is the return rate that covers the cost of capital from all sources
C7: Capital Structure | G7: Estimating Return on Equity: Capital Asset Pricing Model | M7: Weighted Average Cost of Capital (WACC ): Minimum necessary return
D8: Debt | E8: Equity | G8: Factors | M8: Formula
C9: Examples: | D9: Credit line | E9: Preferred stock | G9: ● A stock's relative risk, expressed as "beta" β | M9: = Debt / ( Debt + Equity ) * COD + Equity / ( Debt + Equity ) * ROE
D10: Bank Loan | E10: Common stock | G10: β = 1: Price volitily equals market volitility
D11: Bond issue | E11: Paid-in-capital | G11: β = 2: Price volitility is twice that of the market | M11: Inputs
G12: β = −1: Price volitility is inversely correlated, etc. | M12: Short-term debt | Q12: Long-term debt | U12: Preferred stock | Y12: Common Stock
C13: Timeframe: | D13: Defined | E13: Investor-specific | G13: ● The risk-free rate found in U.S. Treasuries | M13: = | N13: =Financials!$J$18 -> 850 | O13: * | P13: =S22 -> 0.047771429 | R13: =Financials!$J$20 -> 1800 | S13: * | T13: =S21 -> 0.062771429 | V13: =Financials!$J$23 -> 500 | W13: * | X13: =S20 -> 0.0415 | Z13: =Financials!$J$24 -> 1600 | AB13: * | AC13: =$S$19 -> 0.0415
G14: ● The overall return of the stock market | N14: =(Financials!$J$27-Financials!$J$25-Financials!$J$17) -> 4750 | R14: =(Financials!$J$27-Financials!$J$25-Financials!$J$17) -> 4750 | V14: =(Financials!$J$27-Financials!$J$25-Financials!$J$17) -> 4750 | Z14: =(Financials!$J$27-Financials!$J$25-Financials!$J$17) -> 4750
C15: Payout: | D15: Interest | E15: Dividends
E16: Accretion | G16: Assumptions | H16: β of stock | J16: 1.1 | M16: Components
H17: 10-yr Treasury | J17: 0.025
C18: Return rate: | D18: Established | E18: Estimated | H18: S & P 500 | J18: 0.04 | R18: Weighted cost | S18: Cost of Capital | T18: Pct of total
Q19: Common Stock | R19: =T19*S19 -> 0.013978947 | S19: =H24 -> 0.0415 | T19: =Financials!$J$24/(Financials!$J$27-Financials!$J$25-Financials!$J$17) -> 0.33684211 | U19: 20
C20: Cost: | D20: ="S/T = "&TEXT(Financials!T8,"0.0%") -> S/T = 4.8% | E20: ??? | G20: Formula | H20: = Risk-free rate + β * Market premium | Q20: Preferred stock | R20: =T20*S20 -> 0.0043684211 | S20: =H24 -> 0.0415 | T20: =Financials!$J$23/(Financials!$J$27-Financials!$J$25-Financials!$J$17) -> 0.10526316 | U20: 20
D21: ="L/T = "&TEXT(Financials!T9,"0.0%") -> L/T = 6.3% | Q21: Long-term debt | R21: =T21*S21 -> 0.023787068 | S21: =Financials!$T$9 -> 0.062771429 | T21: =Financials!$J$20/(Financials!$J$27-Financials!$J$25-Financials!$J$17) -> 0.37894737 | U21: 20
G22: Inputs | H22: ="= "&TEXT(J17,"0.0%")&" + "&TEXT( J16,"0.0")&" * ("&TEXT(J18,"0.0%")&"−"&TEXT(J17,"0.0%")&")" -> = 2.5% + 1.1 * (4.0%−2.5%) | Q22: Short-term debt | R22: =T22*S22 -> 0.0085485714 | S22: =Financials!$T$8 -> 0.047771429 | T22: =Financials!$J$18/(Financials!$J$27-Financials!$J$25-Financials!$J$17) -> 0.17894737 | U22: 20
G24: Calculation | H24: =J17+J16*(J18-J17) -> 0.0415
AA25: =N13/N14*P13 + R13/R14*T13 + V13/V14*X13 + Z13/Z14*AC13 -> 0.050683008

Sheet Valuation
A1: info
C2: Valuation
C3: Cash is King
C5: Valuations are estimates because cash forecasts and RoE calculations are imprecise
C7: Method 1: Discounted Cash Flow − a company-level NPV calculation (the most reliable method) | X7: Method 2: Industry Multiple − a comparison to one's peers
C8: ● Cash flow is objective. Unlike earnings, it cannot be fudged | X8: ● Applies an industry composite to a company's own performance
C9: ● WACC incorporates company-specific capital structure & risk | X9: ● Price/Earnings offers a shorthand for gauging relative value
C10: ● Applies a Terminal Value to account for future growth | X10: ● EV/EBITDA measures performance exclusive of capital structure
D12: Enterprise Value (total capitalization) | U12: Equity Value (mkt cap) | AA12: Enterprise Value | AE12: Equity Value
D14: Assumptions | G14: Terminal Cash Flow | M14: Year | N14: CF | P14: Inputs | Q14: PV CF | R14: PV ( ) | S14: NPV ( ) | AA14: EV | AB14: EBITDA | AE14: Cap | AF14: Earnings
D15: WACC | E15: =WACC!AA25 -> 0.050683008 | G15: Formula | M15: 1 | N15: 147.384 | O15: =N15 -> 147.384 | P15: =TEXT($E$15,"0.0%;[red]-0.0%")&" ^"&M15 -> 5.1% ^1 | Q15: =N15/(1+$E$15)^M15 -> 140.27447 | R15: =SUM(Q15:Q24) -> 6203.7507 | S15: =NPV(E15,O15:O24) -> 6203.7507 | U15: Ent. value | V15: =R15 -> 6203.7507 | Y15: Industry
D16: Terminal | E16: 0.01 | H16: CFN * ( 1 + Term %) | M16: 2 | N16: =((($N$15*0.6)*1.2)*1.2)*1.15 -> 146.44074 | O16: =N16 -> 146.44074 | P16: =TEXT($E$15,"0.0%;[red]-0.0%")&" ^"&M16 -> 5.1% ^2 | Q16: =N16/(1+$E$15)^M16 -> 132.65344 | U16: – Debt | V16: =-SUM(Financials!J18,Financials!J20) -> -2650 | Y16: Comparable A | AA16: 4790 | AB16: 1188 | AE16: 3330 | AF16: 490
H17: ( WACC – Term % ) | M17: 3 | N17: 97.704 | O17: =N17 -> 97.704 | P17: =TEXT($E$15,"0.0%;[red]-0.0%")&" ^"&M17 -> 5.1% ^3 | Q17: =N17/(1+$E$15)^M17 -> 84.2359 | U17: + Cash | V17: =Financials!J8 -> 3240.6434 | Y17: Comparable B | AA17: 8020 | AB17: 1394 | AE17: 7040 | AF17: 646.4
M18: 4 | N18: 182.16 | O18: =N18 -> 182.16 | P18: =TEXT($E$15,"0.0%;[red]-0.0%")&" ^"&M18 -> 5.1% ^4 | Q18: =N18/(1+$E$15)^M18 -> 149.47418 | U18: = Eq value | V18: =SUM(V7:V17) -> 6794.3941 | Y18: Comparable C | AA18: 7900 | AB18: 1658 | AE18: 5130 | AF18: 570
G19: Inputs | M19: 5 | N19: 86.112 | O19: =N19 -> 86.112 | P19: =TEXT($E$15,"0.0%;[red]-0.0%")&" ^"&M19 -> 5.1% ^5 | Q19: =N19/(1+$E$15)^M19 -> 67.251989 | Y19: Total | AA19: =SUM(AA16:AA18) -> 20710 | AB19: =SUM(AB16:AB18) -> 4240 | AE19: =SUM(AE16:AE18) -> 15500 | AF19: =SUM(AF16:AF18) -> 1706.4
H20: =TEXT(N24,"0")&" *"&" (1 + "&TEXT($E$16,"0%")&")" -> 317 * (1 + 1%) | M20: 6 | N20: 71.208 | O20: =N20 -> 71.208 | P20: =TEXT($E$15,"0.0%;[red]-0.0%")&" ^"&M20 -> 5.1% ^6 | Q20: =N20/(1+$E$15)^M20 -> 52.929591 | Y20: Price ratio | AB20: =AA19/AB19 -> 4.884434 | AF20: =AE19/AF19 -> 9.0834505
H21: =TEXT($E$15,"0.0%")&" "&TEXT(-$E$16," 0%") -> 5.1% - 1% | M21: 7 | N21: =((($N$15*1.5)*1.2)*1.2)*1.15 -> 366.10186 | O21: =N21 -> 366.10186 | P21: =TEXT($E$15,"0.0%;[red]-0.0%")&" ^"&M21 -> 5.1% ^7 | Q21: =N21/(1+$E$15)^M21 -> 259.00012
M22: 8 | N22: =((($N$15*0.9)*1.2)*1.2)*1.15 -> 219.66111 | O22: =N22 -> 219.66111 | P22: =TEXT($E$15,"0.0%;[red]-0.0%")&" ^"&M22 -> 5.1% ^8 | Q22: =N22/(1+$E$15)^M22 -> 147.90386 | Y22: Company
G23: Calculation | M23: 9 | N23: =((($N$15*1.1)*1.2)*1.2)*1.15 -> 268.47469 | O23: =N23 -> 268.47469 | P23: =TEXT($E$15,"0.0%;[red]-0.0%")&" ^"&M23 -> 5.1% ^9 | Q23: =N23/(1+$E$15)^M23 -> 172.05131 | Y23: Metric x Ratio | AB23: =Financials!E10 -Financials!E15 -> 1308 | AF23: =Financials!E20 -> 632.64343
H24: =N24*(1+E16) -> 320.46116 | I24: =" = "&TEXT(H24/H25,"#,###") -> = 7,877 | M24: 10 | N24: =((($N$15*1.3)*1.2)*1.2)*1.15 -> 317.28828 | O24: =N24+N25 -> 8194.2883 | P24: =TEXT($E$15,"0.0%;[red]-0.0%")&" ^"&M24 -> 5.1% ^10 | Q24: =O24/(1+$E$15)^M24 -> 4997.9758 | Y24: = Valuation | AB24: ="x "&TEXT(AB20,"0.0") -> x 4.9 | AF24: ="x "&TEXT(AF20,"0.0") -> x 9.1
H25: =E15-E16 -> 0.040683008 | N25: =ROUND(N24*(1+$E$16)/($E$15-$E$16),0) -> 7877 | AB25: =AB20*AB23 -> 6388.8396 | AF25: =AF20*AF23 -> 5746.5853

Sheet Bonds
A1: info
C2: Bonds
C3: Tradeable debt
C5: Bonds are units of debt used in large-scale borrowing. They pay interest and trade publicly
C7: Price is driven by market forces, but converges back to face value (par) at maturity and the bond is redeemed | N7: Price and Yield are inversely correlated. Three insights illustrate this dynamic:
N8: Financial
C9: Yield is the rate of return on a bond investment. There are 3 levels of specificity:
N10: As price falls, a bond becomes riskier to hold and must offer higher returns to attract buyers
C11: ● Current yield − Single-period return from an interest payment (generally 1 year)
C13: ● Yield to maturity − Forecasted IRR from interest + price increase/decrease when a bond is redeemed | N13: Mathematical
C14: ● Realized yield − Annualized return from interest + price increase/decrease when bond is sold | N14: The same return divided by a progressively lower price generates increasing yields
C16: Current: | D16: one payment | H16: / | I16: current price | N16: Practical
C17: YTM: | D17: all remaining | F17: + | G17: par - current | H17: / | I17: current price | N17: A 1,100 bond pays 6.4% ❶. Rates go up, and new bonds pay 6.5% …
C18: Realized: | D18: total collected | F18: + | G18: sale - purchase | H18: / | I18: purchase price | N18: To match the new 6.5% yield, the price drops from 1,100 to 1,075 ❷
C20: Bond Functions | P20: Price | R20: Current | V20: Realized | AA20: YTM
C21: PRICE ( ) returns the market value, given the yield | J21: Assumptions | P21: =PRICE($L$22,$L$23,$L$24,$L$26,$L$27,$L$28)*10 -> 1199.9999 | R21: =1000*$L$24 -> 70 | S21: =P21 -> 1199.9999 | T21: =R21/S21 -> 0.058333337 | Y21: n/a | AA21: =YIELD($L$22+($P$21-P21)/25*365.25,$L$23,$L$24,P21/10,$L$27,$L$28) -> 0.044754718
C22: Formula | D22: = PRICE (settle, mature, rate, Yield, redemp, freq) | J22: Settlement | K22: Date bond is issued | L22: 46023 | P22: =+P21-25 -> 1174.9999 | R22: =1000*$L$24 -> 70 | S22: =P22 -> 1174.9999 | T22: =R22/S22 -> 0.059574472 | V22: =1000*$L$24 -> 70 | W22: =P22-P21 -> -25 | X22: =P21 -> 1199.9999 | Y22: =(V22+W22)/X22 -> 0.037500002 | AA22: =YIELD($L$22+($P$21-P22)/25*365.25,$L$23,$L$24,P22/10,$L$27,$L$28) -> 0.045833952
C23: Inputs | D23: ="= PRICE ("&TEXT(L22,"m/d/yy")&", "&TEXT( L23,"m/d/yy")&", "&TEXT(L24,"0.0%")&", "&TEXT(L26,"0.0%")&", "&TEXT(L27,0)&", "&TEXT(L28,0)&")" -> = PRICE (1/1/26, 1/1/36, 7.0%, 4.5%, 100, 1) | J23: Maturity | K23: Date bond is redeemed | L23: 49675 | P23: =+P22-25 -> 1149.9999 | R23: =1000*$L$24 -> 70 | S23: =P23 -> 1149.9999 | T23: =R23/S23 -> 0.060869569 | V23: =1000*$L$24 -> 70 | W23: =P23-P22 -> -25 | X23: =P22 -> 1174.9999 | Y23: =(V23+W23)/X23 -> 0.038297875 | AA23: =YIELD($L$22+($P$21-P23)/25*365.25,$L$23,$L$24,P23/10,$L$27,$L$28) -> 0.047066202
C24: Calc | D24: =PRICE(L22,L23,L24,L26,L27,L28)*10 -> 1199.9999 | E24: (Multiply output by 10) | J24: Rate | K24: Annual coupon | L24: 0.07 | P24: =+P23-25 -> 1124.9999 | R24: =1000*$L$24 -> 70 | S24: =P24 -> 1124.9999 | T24: =R24/S24 -> 0.062222226 | V24: =1000*$L$24 -> 70 | W24: =P24-P23 -> -25 | X24: =P23 -> 1149.9999 | Y24: =(V24+W24)/X24 -> 0.039130437 | AA24: =YIELD($L$22+($P$21-P24)/25*365.25,$L$23,$L$24,P24/10,$L$27,$L$28) -> 0.048513746
J25: ⎰Yield | K25: Assumption for PRICE ( ) | L25: 1200 | O25: ❶ | P25: =+P24-25 -> 1099.9999 | R25: =1000*$L$24 -> 70 | S25: =P25 -> 1099.9999 | T25: =R25/S25 -> 0.063636368 | V25: =1000*$L$24 -> 70 | W25: =P25-P24 -> -25 | X25: =P24 -> 1124.9999 | Y25: =(V25+W25)/X25 -> 0.040000003 | AA25: =YIELD($L$22+($P$21-P25)/25*365.25,$L$23,$L$24,P25/10,$L$27,$L$28) -> 0.050280586
C26: YIELD ( ) returns the yield to maturity, given the price | J26: ⎱Price | K26: Assumption for YIELD ( ) | L26: 0.044754718 | O26: ❷ | P26: =+P25-25 -> 1074.9999 | R26: =1000*$L$24 -> 70 | S26: =P26 -> 1074.9999 | T26: =R26/S26 -> 0.065116284 | V26: =1000*$L$24 -> 70 | W26: =P26-P25 -> -25 | X26: =P25 -> 1099.9999 | Y26: =(V26+W26)/X26 -> 0.040909094 | AA26: =YIELD($L$22+($P$21-P26)/25*365.25,$L$23,$L$24,P26/10,$L$27,$L$28) -> 0.052554405
C27: Formula | D27: = YIELD (settle, mature, rate, Price/10, redemp, freq) | J27: Redemption | K27: Advanced setting - use 100 | L27: 100 | P27: =+P26-25 -> 1049.9999 | R27: =1000*$L$24 -> 70 | S27: =P27 -> 1049.9999 | T27: =R27/S27 -> 0.066666671 | V27: =1000*$L$24 -> 70 | W27: =P27-P26 -> -25 | X27: =P26 -> 1074.9999 | Y27: =(V27+W27)/X27 -> 0.041860468 | AA27: =YIELD($L$22+($P$21-P27)/25*365.25,$L$23,$L$24,P27/10,$L$27,$L$28) -> 0.05571187
C28: Inputs | D28: ="= YIELD ("&TEXT(L22,"m/d/yy")&", "&TEXT( L23,"m/d/yy")&", "&TEXT(L24,"0.0%")&", "&TEXT(D24,"0")&"/10, "&TEXT(L27,0)&", "&TEXT(L28,0)&")" -> = YIELD (1/1/26, 1/1/36, 7.0%, 1200/10, 100, 1) | J28: Frequency | K28: Fractional coupon pmts/yr | L28: 1 | P28: =+P27-25 -> 1024.9999 | R28: =1000*$L$24 -> 70 | S28: =P28 -> 1024.9999 | T28: =R28/S28 -> 0.068292688 | V28: =1000*$L$24 -> 70 | W28: =P28-P27 -> -25 | X28: =P27 -> 1049.9999 | Y28: =(V28+W28)/X28 -> 0.042857146 | AA28: =YIELD($L$22+($P$21-P28)/25*365.25,$L$23,$L$24,P28/10,$L$27,$L$28) -> 0.06063627
C29: Calc | D29: =YIELD(L22,L23,L24,L25/10,L27,L28) -> 0.04475471 | E29: (Divide price parameter by 10) | P29: =+P28-25 -> 999.99993 | R29: =1000*$L$24 -> 70 | S29: =P29 -> 999.99993 | T29: =R29/S29 -> 0.070000005 | V29: =1000*$L$24 -> 70 | W29: =P29-P28 -> -25 | X29: =P28 -> 1024.9999 | Y29: =(V29+W29)/X29 -> 0.043902442 | AA29: =YIELD($L$22+($P$21-P29)/25*365.25,$L$23,$L$24,P29/10,$L$27,$L$28) -> 0.070000041
